 Dungeon Crawl Stone Soup version 0.29.1-15-g9cfb28693d (webtiles) character file.

Game seed: 4667537323894223725

470 Gaplan the Basher (level 6, -11/78 HPs)
             Began as a Minotaur Berserker on Apr 19, 2023.
             Was a Believer of Trog.
             Mangled by an ogre
             ... wielding a +0 giant spiked club
              (15 damage)
             ... on level 5 of the Dungeon.
             The game lasted 00:08:11 (4666 turns).

Gaplan the Basher (Minotaur Berserker)              Turns: 4666, Time: 00:08:11

Health: -11/78     AC:  8    Str: 23    XL:     6   Next: 82%
Magic:  5/5        EV:  8    Int:  4    God:    Trog [**....]
Gold:   214        SH:  0    Dex: 10    Spells: 5/5 levels left

rFire   + . .      SeeInvis .   a - +1 mace
rCold   x . .      Faith    .   (no shield)
rNeg    . . .      Spirit   .   k - +0 chain mail
rPois   .          Reflect  .   (helmet restricted)
rElec   .          Harm     .   (no cloak)
rCorr   .          Rampage  .   (no gloves)
Will    .....                   (no boots)
Stlth   ..........              (no amulet)
HPRegen 0.23/turn               f - ring of fire
MPRegen 0.09/turn               (no ring)

@: berserking, very quick
A: horns 2, retaliatory headbutt
a: Renounce Religion, Berserk, Trog's Hand


You were on level 5 of the Dungeon.
You worshipped Trog.
Trog was pleased with you.
You visited 1 branch of the dungeon, and saw 5 of its levels.

You collected 214 gold pieces.

Inventory:

Hand Weapons
 a - a +1 mace (weapon)
Armour
 b - a +0 animal skin
 k - a +0 chain mail (worn)
Jewellery
 f - a ring of fire (left hand)
 o - a ring of protection from cold
Scrolls
 e - 7 scrolls of identify
 h - a scroll of teleportation
 m - a scroll of enchant weapon
 n - a scroll of poison {unknown}
 p - a scroll of fog {unknown}
 q - a scroll of fear
Potions
 c - 3 potions of curing
 d - 2 potions of brilliance {unknown}
 g - a potion of mutation {unknown}
 i - 2 potions of heal wounds {unknown}
 j - a potion of flight {unknown}
 l - 2 potions of cancellation {unknown}


   Skills:
 - Level 4.1 Fighting
 + Level 8.9 Maces & Flails
 - Level 2.6 Armour
 - Level 2.7 Dodging
 - Level 0.1 Stealth


You had 5 spell levels left.
You didn't know any spells.
Your spell library was empty.

Dungeon Overview and Level Annotations

Branches:
Dungeon (5/15)             Temple (0/1) D:4

Altars:

Shops:
D:2 !


Innate Abilities, Weirdness & Mutations

You have a pair of horns on your head.
You reflexively headbutt those who attack you in melee.


Message History

You hit the ogre.
The ogre is moderately wounded.
You barely miss the ogre.
The ogre is moderately wounded.
The ogre hits you with a +0 giant club!
You sock the ogre!
The ogre is severely wounded.
The ogre hits you with a +0 giant club!
You barely miss the ogre.
The ogre is severely wounded.
You thump the ogre!
You kill the ogre!
Trog accepts your kill.
You start resting.
An ogre comes into view. It is wielding a +0 giant spiked club.
An ogre is nearby!
You start resting.
HP restored.
Items here: ))) [ ÷.
You hit the ogre.
The ogre is lightly wounded.
The ogre hits you with a +0 giant spiked club!!
You hit the ogre.
The ogre is moderately wounded.
The ogre closely misses you.
You hit the ogre but do no damage.
The ogre is moderately wounded.
You sock the ogre! You headbutt the ogre.
The ogre is severely wounded.
The ogre hits you with a +0 giant spiked club!
You hit the ogre. Your headbutt misses the ogre.
The ogre is almost dead.
The ogre hits you with a +0 giant spiked club!!
* * * LOW HITPOINT WARNING * * *
You hit the ogre but do no damage.
The ogre is almost dead.
A red film seems to cover your vision as you go berserk!
You feel yourself moving faster!
You feel mighty!
The ogre hits you with a +0 giant spiked club!
You die...

.......~~~~P~P~P~~~~~~~.
....#~P~P~~~~~~≈~~~~~~.
#...~~~~~~P~~~~~~~~~P~. .
###....).................
...#.....~~P~~P~~~~~~~~P~~~.
#.......~~~~~~~♣♣♣♣P~~~♣♣..
#......#.♣~~~~P♣ ♣♣♣♣♣~...
#....###..)~P♣~# ##.♣~~....
#.... ##..@O..####.........
.... #....##..#........#..
.##O.###...####..#......##..
#..O.....# #.###.....###.
#.....)..# #.# #.....##..
#.........# .## #.........
...........#. #.........
#.....##$.... #....###..
#...## ..##....##...## ##.


You could see an ogre.

Vanquished Creatures
  An ogre (D:5)
  A necrophage (D:4)
  A scorpion (D:5)
  3 hounds
  A jelly (D:5)
  5 adders
  3 dart slugs (D:1)
  9 orcs
  7 ball pythons
  8 endoplasms
  4 giant cockroaches
  3 goblins
  5 hobgoblins
  A jackal (D:5)
  6 kobolds
  7 quokkas
  7 bats
  2 frilled lizards (D:1)
  8 rats
82 creatures vanquished.

Vanquished Creatures (others)
  11 plants (D:5)
11 creatures vanquished.

Grand Total: 93 creatures vanquished

Notes
Turn   | Place    | Note
-------+----------+-------------------------------------------
     0 | D:1      | Gaplan the Minotaur Berserker began the quest for the Orb.
     0 | D:1      | Reached XP level 1. HP: 19/19 MP: 0/0
   218 | D:1      | Reached skill level 4 in Maces & Flails
   218 | D:1      | Reached XP level 2. HP: 18/27 MP: 1/1
   942 | D:1      | Found a faded altar of an unknown god.
  1180 | D:2      | Reached XP level 3. HP: 32/33 MP: 2/2
  1320 | D:2      | Reached ** piety under Trog
  1533 | D:2      | Found Boinaopp's Distillery.
  2202 | D:3      | You fall into a shaft and drop 2 floors!
  2202 | D:5      | Entered Level 5 of the Dungeon
  2251 | D:5      | Reached skill level 5 in Maces & Flails
  2251 | D:5      | Reached XP level 4. HP: 35/40 MP: 3/3
  2307 | D:5      | Noticed a black bear
  2353 | D:5      | Noticed an ogre
  2358 | D:5      | Reached skill level 6 in Maces & Flails
  2358 | D:5      | Identified a scroll of acquirement
  2358 | D:5      | Acquired 949 gold pieces
  2803 | D:4      | Reached XP level 5. HP: 46/46 MP: 4/4
  3163 | D:4      | Found a staircase to the Ecumenical Temple.
  3176 | D:4      | Reached skill level 7 in Maces & Flails
  3730 | D:3      | Reached XP level 6. HP: 52/52 MP: 5/5
  4062 | D:5      | Reached skill level 8 in Maces & Flails
  4664 | D:5      | HP: 2/52 [ogre/+0 giant spiked club (22)]
  4666 | D:5      | Mangled by an ogre

Illustrated notes

Levels and vault maps discovered:
D:1:      psy_arrival_spokes, layout_loops_corners, basic_ecumenical_altar
D:2:      wander_river, layout_rooms, serial_shops, nicolae_shop_hallway_stairs,
          kennysheep_generic_room_9
D:3:      layout_basic, minmay_misc_feat_diagonals
D:4:      layout_loops_ring, minmay_temple_entry_nine_rooms
D:5:      layout_layer_cave, serial_bayou_lagoon_b

Skill      XL: |  1  2  3  4  5  6 |
---------------+-------------------+-----
Maces & Flails | 4 5 6 7 8 |  8.9
Fighting       | 4 |  4.1
Armour         | |  2.6
Dodging        | |  2.7
Stealth        | |  0.1

Action                   |  1- 3 |  4- 6 || total
-------------------------+-------+-------++-------
Melee: Mace              |    80 |   113 ||   193
       Headbutt          |     4 |    15 ||    19
       Punch             |       |     2 ||     2
Invok: Berserk           |       |     1 ||     1
  Use: Scroll            |     5 |     4 ||     9
 Stab: Sleeping          |     2 |       ||     2
Armor: Animal skin       |    17 |       ||    17
       Chain mail        |    11 |    47 ||    58
Dodge: Dodged            |    47 |    48 ||    95
